 Dungeon Crawl Stone Soup version 0.29-a0-892-g2c4c91d9db (webtiles) character file.

Game seed: 8852649132330136746

16 spaghetti the Shooter (level 2, 18/22 HPs)
             Began as a Formicid Hunter on July 22, 2022.
             Quit the game on level 1 of the Dungeon.
             The game lasted 00:01:06 (465 turns).

spaghetti the Shooter (Formicid Hunter)              Turns: 465, Time: 00:01:06

Health: 18/22      AC:  3    Str: 15    XL:     2   Next: 75%
Magic:  2/2        EV: 12    Int:  8    God:
Gold:   7          SH:  0    Dex: 17    Spells: 1/1 levels left

rFire   . . .      SeeInvis +   a - +0 shortbow {bow}
rCold   . . .      Faith    .   (no shield)
rNeg    . . .      Spirit   .   c - +0 leather armour
rPois   .          Reflect  .   (helmet unavailable)
rElec   .          Harm     .   (no cloak)
rCorr   .          Rampage  .   (no gloves)
Will    .....                   (no boots)
Stlth   ++........              (no amulet)
HPRegen 0.07/turn               (no ring)
MPRegen 0.08/turn               (no ring)

@: no status effects
A: permanent stasis, dig shafts and tunnels, antennae 3, four strong arms
a: Dig, Shaft Self


You were on level 1 of the Dungeon.
You visited 1 branch of the dungeon, and saw 1 of its levels.

You collected 7 gold pieces.


Innate Abilities, Weirdness & Mutations

You cannot be hasted, slowed, berserked, paralysed or teleported.
You can dig through walls and to a lower floor.
You have a pair of large antennae on your head. (SInv)
Your four strong arms can wield two-handed weapons with a shield.


   Skills:
 - Level 2.1 Fighting
 + Level 4.7 Ranged Weapons
 - Level 1.7 Dodging
 - Level 1.2 Stealth


You had one spell level left.
You didn't know any spells.
Your spell library contained the following spells:

 Spells                   Type           Power      Damage    Failure   Level
 Sandblast                Erth           0%         2d4       47%         1
 Passwall                 Tmut/Erth      0%         N/A       63%         2
 Stone Arrow              Conj/Erth      0%         3d7       85%         3

Inventory:

Hand Weapons
 a - a +0 shortbow (weapon) {bow}
Missiles
 e - 5 javelins {throwing}
Armour
 c - a +0 leather armour (worn)
Jewellery
 f - a ring of resist corrosion
   (You found it on level 1 of the Dungeon)
Scrolls
 b - a scroll of immolation {!r!r}
Potions
 d - 2 potions of lignification {unknown}

Dungeon Overview and Level Annotations

Branches:
Dungeon (1/15) Zot: 5521

Altars:

#.# +# #....?# #)# ....
#.....# #.# ....
#.....# #.####....
#.....# #.#.......
.J...#####.#.#.....
.g..........#.....
#J#######.###.....
######@#...........####
#..............###.#>..
#.##.#.####....# #.#.##
#.#.......+....#####.#
#..PPP..P............##
#...♣.........#######..
#....P.♣P..#'## #..
#....♣_P♣..#.########..
#..PP♣..♣..#.........).


You could see 2 endoplasms and a goblin.


Message History

You take 3 damage, and now have 19/22 hp.
Fire: a) +0 shortbow {bow}
Press: ? - help, Q - select action, (/) - cycle Shift-Dir - straight line, f/p - hobgoblin
Aim: a hobgoblin (heavily wounded, 63% to hit)
You shoot an arrow. The arrow barely misses the hobgoblin.
The hobgoblin hits you. 😕 HP[-1]
You take 1 damage, and now have 18/22 hp.
Fire: a) +0 shortbow {bow}
Press: ? - help, Q - select action, (/) - cycle Shift-Dir - straight line, f/p - hobgoblin
Aim: a hobgoblin (heavily wounded, 63% to hit)
You shoot an arrow. The arrow barely misses the hobgoblin.
The hobgoblin hits you.
The hobgoblin hits you but does no damage. 😮 HP[-3]
You take 3 damage, and now have 15/22 hp.
Fire: a) +0 shortbow {bow}
Press: ? - help, Q - select action, (/) - cycle Shift-Dir - straight line, f/p - hobgoblin
Aim: a hobgoblin (heavily wounded, 63% to hit)
You shoot an arrow. The arrow closely misses the hobgoblin.
The hobgoblin hits you.
* * * LOW HITPOINT WARNING * * *
😨 HP[-4]
You take 4 damage, and now have 11/22 hp.
Fire: a) +0 shortbow {bow}
Press: ? - help, Q - select action, (/) - cycle Shift-Dir - straight line, f/p - hobgoblin
Aim: a hobgoblin (heavily wounded, 63% to hit)
You shoot an arrow.
The arrow completely misses the hobgoblin.
The hobgoblin barely misses you.
Fire: a) +0 shortbow {bow}
Press: ? - help, Q - select action, (/) - cycle Shift-Dir - straight line, f/p - hobgoblin
Aim: a hobgoblin (heavily wounded, 63% to hit)
You shoot an arrow. The arrow hits the hobgoblin!
You kill the hobgoblin!
Fire: a) +0 shortbow {bow}
Press: ? - help, Q - select action, (/) - cycle Shift-Dir - straight line, f - you That would be overly suicidal.
Okay, then.
Key pressed, stopping explore.
Key pressed, stopping explore.
f - a ring of resist corrosion 😎 HP[+11]
Your hp is fully restored (22).
d - 2 metallic white potions (gained 1)
A kobold comes into view. It is wielding a +0 short sword.
The kobold shouts!
A kobold is nearby!
A kobold is nearby!
A kobold is nearby!
You shoot an arrow. The arrow barely misses the kobold.
You shoot an arrow. The arrow hits the kobold!
You kill the kobold!
No target in view!
No target in view!
No target in view!
No target in view!
No target in view!
No target in view!
No target in view!
No target in view!
No target in view!
No target in view!
No target in view!
No target in view!
No target in view!
No target in view!
You open the door.
Key pressed, stopping explore.
You open the door. 2 endoplasms and a goblin come into view.
The goblin shouts!
The endoplasm quivers. x2
There are monsters nearby!
There are monsters nearby!
You shoot an arrow. The arrow hits the endoplasm.
You shoot an arrow. The arrow hits the endoplasm.
The endoplasm freezes you.
You are frozen. 😕 HP[-4]
You take 4 damage, and now have 18/22 hp.
You are too injured to fight recklessly!
You are too injured to fight recklessly!
You are too injured to fight recklessly!
You are too injured to fight recklessly!
You are too injured to fight recklessly!
You are too injured to fight recklessly!
You are too injured to fight recklessly!
You are too injured to fight recklessly!
You are too injured to fight recklessly!
You are too injured to fight recklessly!
You are too injured to fight recklessly!
You are too injured to fight recklessly!
You are too injured to fight recklessly!
You are too injured to fight recklessly!
You are too injured to fight recklessly!
You are too injured to fight recklessly!
You are too injured to fight recklessly!
Unknown command.
Are you sure you want to abandon this character and quit the game? (Confirm with "yes".)

Action                   || total
-------------------------++-------
 Fire: Shortbow          ||    41
 Abil: Dig               ||     2
Armor: Leather armour    ||     6
Dodge: Dodged            ||    11

Levels and vault maps discovered:
D:1:      minmay_arrival_four_circles, layout_basic,
          dreamdust_ecumenical_altar_grove, kennysheep_small_spiral,
          st_stairs_8, minmay_misc_feat_tower

Notes
Turn   | Place    | Note
-------+----------+-------------------------------------------
     0 | D:1      | spaghetti the Formicid Hunter began the quest for the Orb.
     0 | D:1      | Reached XP level 1. HP: 16/16 MP: 1/1
     0 | D:1      | magus.rc [v1.9.6]
   120 | D:1      | You pick up a book of Geomancy and begin reading...
   120 | D:1      | You add the spells Sandblast, Passwall and Stone Arrow to
                  | your library.
   191 | D:1      | Reached XP level 2. HP: 22/22 MP: 2/2
   249 | D:1      | Found a faded altar of an unknown god.
   465 | D:1      | Quit the game

Vanquished Creatures
  A bat (D:1)
  2 endoplasms (D:1)
  2 goblins (D:1)
  4 hobgoblins (D:1)
  A kobold (D:1)
  3 ball pythons (D:1)
13 creatures vanquished.

Table legend:
 A = Non-vault XP
 B = Vault XP
 C = Vault XP percentage of total XP
 D = Non-vault monster count
 E = Vault monster count
 F = Vault count percentage of total count
                 A         B        C        D         E       F
            +---------+---------+-------+---------+---------+-------
      Total |      24 |       0 |   0.0 |      13 |       0 |   0.0
            +---------+---------+-------+---------+---------+-------
        D:1 |      24 |       0 |   0.0 |      13 |       0 |   0.0
            +---------+---------+-------+---------+---------+-------

Illustrated notes

Table legend:
 A = Kills in this place as a percentage of kills in entire the game.
 B = Kills by you in this place as a percentage of kills by you in the entire game.
 C = Kills by friends in this place as a percentage of kills by friends in the entire game.
 D = Other kills in this place as a percentage of other kills in the entire game.
 E = Experience gained in this place as a percentage of experience gained in the entire game.
 F = Experience gained in this place divided by the number of levels of this place that you have seen.
                   A       B       C       D       E      F
               +-------+-------+-------+-------+-------+----------------------
         Total | 100.0 | 100.0 |   N/A |   N/A | 100.0 |  24.0
       Dungeon | 100.0 | 100.0 |   N/A |   N/A | 100.0 |  24.0
               +-------+-------+-------+-------+-------+----------------------

Table legend: (Time is in decaauts)
 A = Elapsed time spent in this place.
 B = Non-inter-level travel time spent in this place.
 C = Inter-level travel time spent in this place.
 D = Time resting spent in this place.
 E = Time spent auto-exploring this place.
 F = Levels seen in this place.
 G = Mean time per level.
                   A        B        C        D        E       F      G
               +--------+--------+--------+--------+--------+-----+--------+
         Total |    478 |    478 |      0 |      0 |    401 |   1 |  478.0 |
       Dungeon |    478 |    478 |      0 |      0 |    401 |   1 |  478.0 |
               +--------+--------+--------+--------+--------+-----+--------+

Top non-repeatable levels by time:
     D:1: 478 daAuts
